[Event "Team 45 45 League T54"]
[Site "Internet Chess Club"]
[Date "2012.09.21"]
[Round "6"]
[White "Portola"]
[Black "MontanaSky"]
[Result "1-0"]
[WhiteElo "1718"]
[BlackElo "1690"]
[Opening "Old Benoni defense"]
[ECO "A43"]
[Time "20:00:51"]
[TimeControl "2700+45"]

1. d4 c5 2. c3 d5 3. Nf3 e6 4. Bf4 Nf6 5. h3 Qb6 6. Qc1 Nc6 7. e3 Be7 8. Bd3 O-O
9. O-O Bd7 10. Nbd2 cxd4 11. exd4 Rac8 12. Qb1 Rfe8 13. Re1 g6 14. Ne5 Nxe5 15.
Bxe5 Nh5 16. Nf3 Ng7 17. Bh2 Bd6 18. Bxd6 Qxd6 19. Ne5 f6 20. Ng4 Qf8 21. Bxg6
Nf5 22. Bxe8 Rxe8 23. Qc1 Qg7 24. Qf4 Kh8 25. Re2 Rg8 26. g3 h5 27. Ne3 Nh6 28.
Qh4 Qg6 29. Kh2 Bb5 30. Ree1 Bd3 31. Rad1 Be4 32. Qf4 Nf5 33. Nxf5 Bxf5 34. Qh4
Be4 35. Qf4 Rg7 36. Qh4 Bf3 37. Rc1 Be4 38. Re3 Qf5 39. f4 e5 40. Rf1 Bd3 41.
Rf2 Be4 42. g4 Qg6 43. fxe5 f5 44. Rg3 Qg5 45. Qxh5+ Qxh5 46. gxh5 Rxg3 47. Kxg3
Kg7 {Black resigns} 1-0

[Event "Team 45 45 League T54"]
[Site "Internet Chess Club"]
[Date "2012.09.24"]
[Round "6"]
[White "SolaFide"]
[Black "alexdb"]
[Result "0-1"]
[WhiteElo "1819"]
[BlackElo "1880"]
[Opening "KGD: classical variation"]
[ECO "C30"]
[Time "12:00:36"]
[TimeControl "2700+45"]

1. e4 e5 2. f4 Bc5 3. Nf3 d6 4. Nc3 Nf6 5. Bc4 Nc6 6. d3 a6 7. f5 Na5 8. Bg5 h6
9. Bh4 c6 10. a3 Nxc4 11. dxc4 b5 12. Qd3 bxc4 13. Qxc4 a5 14. Nxe5 Qc7 15. Nf3
Ba6 16. Qa4 Nd7 17. Nd4 Bb7 18. O-O-O Nb6 19. Nd5 Qc8 20. Nxb6 Bxb6 21. Bg3 O-O
22. Bxd6 Re8 23. Rhe1 c5 24. Nf3 c4 25. Ne5 Bc5 26. Qxc4 Rxe5 27. Qa4 Bxd6 28.
Rxd6 Qc5 29. Qd4 Qxd4 30. Rxd4 Rae8 31. g4 Bxe4 32. Kd2 Kf8 33. b4 axb4 34. axb4
Bf3 35. Rxe5 Rxe5 36. c4 Ke7 37. c5 Bc6 38. h4 h5 39. Rd6 Rd5+ 40. Rxd5 Bxd5 41.
Ke3 hxg4 42. Kf4 Bf3 43. b5 Kd7 44. f6 g6 45. Kg3 Be2 46. Kf4 Bxb5 47. Kxg4 Ke6
48. Kg5 Bc6 49. h5 gxh5 50. Kxh5 Kxf6 {White resigns} 0-1

[Event "Team 45 45 League T54"]
[Site "Internet Chess Club"]
[Date "2012.09.22"]
[Round "6"]
[White "IshanR"]
[Black "mongmong"]
[Result "1-0"]
[WhiteElo "1913"]
[BlackElo "1618"]
[Opening "Queen's pawn: Yusupov-Rubinstein system"]
[ECO "A40"]
[Time "21:34:39"]
[TimeControl "2700+45"]

1. d4 e6 2. Nf3 Nf6 3. e3 c5 4. c4 a6 5. Nc3 d5 6. cxd5 exd5 7. Be2 Bd6 8. dxc5
Bxc5 9. O-O O-O 10. a3 Nc6 11. b4 Ba7 12. Bb2 Re8 13. Qc2 Be6 14. Rad1 Qe7 15.
Rfe1 Rac8 16. Rd2 Bg4 17. Qd1 d4 18. Nxd4 Nxd4 19. exd4 Bxd4 20. Rxd4 Bxe2 21.
Rxe2 {Black resigns} 1-0

[Event "Team 45 45 League T54"]
[Site "Internet Chess Club"]
[Date "2012.09.21"]
[Round "6"]
[White "kidviper"]
[Black "TerryMalloy"]
[Result "0-1"]
[WhiteElo "2011"]
[BlackElo "1934"]
[Opening "Sicilian: closed, 6.Be3"]
[ECO "B26"]
[Time "13:01:49"]
[TimeControl "2700+45"]

1. e4 c5 2. Nc3 Nc6 3. d3 g6 4. g3 Bg7 5. Bg2 d6 6. Be3 e5 7. Nge2 Nd4 8. Qd2
Ne7 9. Nd1 Bg4 10. Bxd4 cxd4 11. O-O Rc8 12. h3 Be6 13. c3 dxc3 14. bxc3 d5 15.
exd5 Nxd5 16. c4 Nb6 17. Bxb7 Nxc4 18. Qb4 a5 19. Qb5+ Bd7 20. Qa6 Nd2 21. Re1
O-O 22. Bg2 e4 23. Rc1 Nf3+ 24. Kf1 Nxe1 25. Kxe1 exd3 26. Qxd3 Rxc1 27. Nxc1
Bf5 28. Qxd8 Rxd8 29. Ne3 Bc3+ 30. Kf1 Be6 31. Nb3 Rb8 32. Nd5 Bb4 33. Nc1 Ba3
34. Nd3 Rd8 35. N3f4 Bf5 36. Ne3 Bb1 37. Bd5 Rxd5 38. Nfxd5 Bxa2 39. Nc3 Be6 40.
h4 Bb4 41. Ned5 Kf8 42. Ke2 Ke8 43. Kd3 Kd7 44. Nf6+ Ke7 45. Nxh7 f6 46. Ne4 a4
47. Nhxf6 a3 48. Kc2 Bc4 49. Ng4 Bd3+ 50. Kb3 Bxe4 51. Ne3 Bc5 52. g4 Kf6 53. h5
g5 54. h6 Kg6 55. Ka2 Bf3 56. Kb3 Bxe3 57. fxe3 Bxg4 58. Kxa3 Be6 59. h7 Kxh7
60. Kb4 g4 61. Kc5 g3 62. Kd6 Bh3 63. e4 g2 64. e5 g1=Q 65. e6 Qd4+ 66. Ke7 Bxe6
67. Kxe6 Kg6 68. Ke7 Qd5 69. Ke8 Kf6 70. Kf8 Qd8# {White checkmated} 0-1

[Event "Team 45 45 League T54"]
[Site "Internet Chess Club"]
[Date "2012.09.20"]
[Round "6"]
[White "RamRock"]
[Black "losscause"]
[Result "1-0"]
[WhiteElo "1693"]
[BlackElo "1629"]
[Opening "Caro-Kann: exchange variation"]
[ECO "B13"]
[Time "20:00:55"]
[TimeControl "2700+45"]

1. e4 c6 2. d4 d5 3. exd5 cxd5 4. Bd3 Nf6 5. h3 g6 6. Nf3 Bg7 7. O-O O-O 8. c3
Re8 9. Re1 Nbd7 10. Bf4 Nf8 11. Na3 a6 12. Nc2 Ne6 13. Be5 Bd7 14. Nb4 Rc8 15.
Bxf6 exf6 16. Nxd5 Qa5 17. Nb4 Ba4 18. Bc2 Bd7 19. Qd2 Qc7 20. d5 Nc5 21. d6
Rxe1+ 22. Rxe1 Qa5 23. Nd5 Re8 24. Rxe8+ Bxe8 25. b4 {Black resigns} 1-0

[Event "Team 45 45 League T54"]
[Site "Internet Chess Club"]
[Date "2012.09.24"]
[Round "6"]
[White "bondguy01"]
[Black "kidcobra"]
[Result "1-0"]
[WhiteElo "1680"]
[BlackElo "1730"]
[Opening "QGD: exchange, positional line"]
[ECO "D35"]
[Time "18:00:21"]
[TimeControl "2700+45"]

1. d4 d5 2. c4 e6 3. Nc3 Nf6 4. cxd5 exd5 5. Bg5 Nbd7 6. e3 Bb4 7. Bd3 h6 8. Bh4
O-O 9. Ne2 c5 10. O-O Bxc3 11. Nxc3 c4 12. Bc2 Nb6 13. f3 g5 14. Bf2 Nh5 15. g4
Ng7 16. e4 dxe4 17. fxe4 Qd7 18. h3 h5 19. Be3 hxg4 20. Qxg4 Qxg4+ 21. hxg4 Bxg4
22. Bxg5 Ne6 23. Bf6 Nd7 24. d5 Nxf6 25. Rxf6 Nd4 26. Bd1 Bd7 27. Kf2 Kg7 28.
Rf4 Rh8 29. Bg4 Bxg4 30. Rxg4+ Kf6 31. e5+ Kxe5 32. Re1+ Kf5 33. Rxd4 Rh2+ 34.
Kf3 Rah8 35. Rf4+ Kg6 36. Rg1+ Kh6 37. Rg2 Rh3+ 38. Ke4 Re8+ 39. Kd4 Rc8 40.
Rxf7 Rh4+ 41. Ke5 Re8+ 42. Kd6 b5 43. Nxb5 Rd8+ 44. Rd7 Rb8 45. Nc3 Rb6+ 46. Kc5
Rh5 47. Rd6+ Kh7 48. Rxb6 axb6+ 49. Kxb6 Rh6+ 50. Kc5 Rh5 51. Kc6 Rh6+ 52. d6
Kh8 53. Kc7 Kh7 54. d7 Rf6 55. d8=Q Rf7+ 56. Qd7 Kh8 57. a4 Rf5 58. Qg7# {Black
checkmated} 1-0